AoeStats
← Kalculus.Billi

Black Forest

507983742Analyzed
3v3 RM · 11d ago on Sep 20, 2026· 132m 51s· 6 players
Game mode
Random Map
Map size
Normal (6 player)
Population
200
Speed
Normal
Resources
Standard
Victory
Conquest
Starting age
Dark Age
Ending age
Imperial Age
RankedLock teamsTeams togetherTeam positionsShared explorationLock speedFull tech treeHidden civsTurbo modeCheats
Victory
Defeat
🇪🇸 Britons · Spain
1292
+13
🇪🇸 Bohemians · Spain
1262
+15
🇪🇸 Spanish · Spain
1178
+19
🇮🇳 Malians · India
1290
-18
🇮🇳 Gurjaras · India
1236
-16
🇮🇳 Goths · India
1165
-13
Lurker
0:33 Loom
11:33 Feudal Age
15:04 Castle Age
14:03 Double-Bit Axe
15:37 Horse Collar
27:07 Bow Saw
28:52 Heavy Plow
30:31 Stone Mining
30:33 Gold Mining
32:30 Wheelbarrow
34:24 Hand Cart
37:18 Imperial Age
36:15 Gold Shaft Mining
35:41 Town Watch
37:53 Squires
37:39 Arson
37:56 Scale Mail Armor
38:06 Forging
37:21 Elite Gbeto
38:22 Conscription
37:37 Elite Gbeto
39:10 Town Patrol
39:47 Stone Shaft Mining
39:39 Caravan
39:50 Guilds
40:11 Coinage
40:04 Chain Mail Armor
40:24 Iron Casting
40:56 Chemistry
40:16 Ballistics
42:40 Plate Mail Armor
46:18 Banking
50:34 Fletching
50:44 Padded Archer Armor
52:20 Elite Skirmisher
53:06 Thumb Ring
52:58 Bodkin Arrow
53:18 Leather Archer Armor
61:33 Fortified Wall
73:34 Ring Archer Armor
88:40 Husbandry
88:51 Bloodlines
88:01 Cavalier
88:52 Scale Barding Armor
89:47 Crop Rotation
91:53 Chain Barding Armor
95:06 Onager
114:25 Plate Barding Armor
Kalculus.Billi
0:28 Loom
12:10 Feudal Age
13:00 Feudal Age
17:15 Castle Age
15:28 Double-Bit Axe
15:25 Horse Collar
21:30 Scale Mail Armor
26:49 Chain Mail Armor
33:48 Pikeman
34:28 Squires
36:09 Wheelbarrow
36:27 Forging
43:09 Imperial Age
43:15 Halberdier
43:59 Anarchy
43:59 Gold Mining
44:22 Perfusion
45:54 Conscription
46:37 Iron Casting
46:35 Elite Huskarl
53:48 Anarchy
56:33 Blast Furnace
57:54 Bow Saw
57:53 Heavy Plow
63:13 Two-Man Saw
62:45 Crop Rotation
63:04 Padded Archer Armor
62:54 Fletching
62:53 Elite Skirmisher
64:39 Ballistics
65:32 Chemistry
65:30 Bodkin Arrow
65:51 Leather Archer Armor
70:04 Town Watch
70:35 Hand Cart
bamboe
2:23 Loom
10:11 Feudal Age
11:44 Loom
16:14 Castle Age
14:03 Double-Bit Axe
15:36 Horse Collar
21:52 Bow Saw
22:12 Heavy Plow
24:59 Wheelbarrow
26:35 Stone Mining
26:35 Gold Mining
26:45 Gold Mining
29:33 Imperial Age
27:51 Hand Cart
28:06 Ballistics
29:11 Stone Shaft Mining
29:14 Gold Shaft Mining
28:32 Fletching
28:42 Padded Archer Armor
28:27 Treadmill Crane
30:28 Bodkin Arrow
30:49 Leather Archer Armor
31:36 Chemistry
30:32 Murder Holes
30:01 Elite Elephant Archer
32:15 Crop Rotation
31:51 Husbandry
32:02 Bloodlines
31:57 Bracer
35:12 Conscription
35:21 Frontier Guards
35:43 Scale Barding Armor
37:43 Fortified Wall
41:08 Chain Barding Armor
46:22 Heavy Camel Rider
46:40 Elite Skirmisher
48:05 Hoardings
48:37 Masonry
49:38 Forging
50:04 Plate Barding Armor
51:42 Iron Casting
54:46 Elite Chakram Thrower
58:41 Scale Mail Armor
59:36 Caravan
64:52 Chain Mail Armor
89:15 Plate Mail Armor
89:24 Architecture
102:03 Light Cavalry
103:21 Hussar
110:15 Elite Shrivamsha Rider
119:20 Siege Elephant
ruizcanela
0:30 Loom
12:32 Feudal Age
17:26 Castle Age
16:56 Double-Bit Axe
17:26 Horse Collar
20:13 Fletching
23:02 Wheelbarrow
23:18 Bodkin Arrow
26:21 Padded Archer Armor
29:40 Scale Mail Armor
29:51 Forging
30:01 Hand Cart
29:28 Man-at-Arms
30:09 Squires
30:37 Long Swordsman
32:17 Iron Casting
31:57 Chain Mail Armor
32:39 Gambesons
33:38 Heavy Plow
33:51 Bow Saw
34:30 Leather Archer Armor
38:07 Imperial Age
36:57 Elite Skirmisher
39:43 Bracer
39:35 Two-Handed Swordsman
41:25 Ring Archer Armor
43:55 Champion
44:55 Onager
47:41 Blast Furnace
47:11 Plate Mail Armor
46:32 Capped Ram
51:42 Warwolf
52:03 Conscription
52:03 Yeomen
51:18 Pikeman
52:11 Halberdier
53:59 Two-Man Saw
58:34 Chemistry
57:54 Ballistics
61:50 Elite Longbowman
62:50 Siege Engineers
62:44 Murder Holes
63:11 Masonry
69:04 Crossbowman
70:13 Crossbowman
70:45 Arbalester
88:40 Town Watch
93:27 Architecture
101:08 Town Patrol
ryzenvelos
0:40 Loom
12:36 Feudal Age
16:43 Castle Age
15:26 Double-Bit Axe
15:26 Horse Collar
16:49 Wheelbarrow
15:59 Town Watch
29:08 Hand Cart
30:23 Bow Saw
30:19 Town Watch
31:09 Heavy Plow
34:55 Imperial Age
33:26 Fletching
33:45 Caravan
35:22 Chemistry
34:43 Ballistics
34:36 Masonry
34:48 Ballistics
35:23 Town Patrol
36:16 Conscription
36:01 Hussite Reforms
37:55 Architecture
37:06 Treadmill Crane
37:00 Pikeman
37:40 Squires
37:42 Scale Mail Armor
37:53 Forging
37:38 Bodkin Arrow
38:05 Halberdier
38:31 Arson
39:29 Fortified Wall
39:15 Murder Holes
41:13 Chain Mail Armor
41:34 Iron Casting
42:09 Elite Skirmisher
64:57 Cavalier
65:38 Husbandry
67:37 Scale Barding Armor
68:33 Blast Furnace
67:35 Bracer
68:11 Houfnice
68:27 Light Cavalry
76:15 Chain Barding Armor
89:54 Coinage
95:33 Plate Mail Armor
[EmPut] LucioCornelio
0:25 Loom
11:49 Feudal Age
13:24 Double-Bit Axe
13:20 Horse Collar
16:07 Castle Age
17:12 Bow Saw
20:57 Scale Barding Armor
22:16 Wheelbarrow
22:45 Chain Barding Armor
22:47 Forging
24:26 Gold Mining
26:21 Stone Mining
26:35 Town Watch
27:16 Hand Cart
26:46 Town Watch
27:48 Bloodlines
27:38 Husbandry
31:34 Heavy Plow
34:14 Imperial Age
32:44 Chain Barding Armor
33:03 Iron Casting
34:22 Fletching
34:44 Caravan
34:17 Elite Conquistador
35:18 Conscription
34:30 Cavalier
35:53 Plate Barding Armor
36:19 Blast Furnace
36:27 Supremacy
35:55 Paladin
37:46 Chemistry
36:46 Bodkin Arrow
37:49 Masonry
39:35 Thumb Ring
39:32 Bracer
39:33 Padded Archer Armor
40:00 Ballistics
40:32 Elite Skirmisher
46:03 Elite Conquistador
47:21 Capped Ram
48:28 Bombard Tower
49:45 Siege Ram
52:40 Leather Archer Armor
52:58 Architecture
52:45 Pikeman
53:25 Squires
53:11 Gambesons
67:16 Murder Holes
75:30 Hoardings
92:14 Onager
111:52 Light Cavalry
113:15 Halberdier
113:24 Hussar
119:10 Scale Mail Armor
119:41 Ring Archer Armor
121:05 Fortified Wall
121:54 Chain Mail Armor
122:03 Arson
126:47 Plate Mail Armor
127:29 Man-at-Arms
129:18 Long Swordsman
129:52 Two-Handed Swordsman
131:57 Champion
Connection lost

Rejoining the realm…

Still unreachable

The connection could not be restored.

Session expired

The server has moved on; the page needs a fresh start.